 Dungeon Crawl Stone Soup version 0.23.1-38-g628c18f (webtiles) character file.

Game seed: 16954322037944829453

25571 Fang the Fighter (level 13, 0/129 HPs)
             Began as a Gargoyle Berserker on Mar 27, 2019.
             Was a High Priest of Trog.
             Slain by Rupert
             ... wielding a +1 great mace of draining
              (22 damage)
             ... on level 4 of the Lair of Beasts on Mar 28, 2019.
             The game lasted 00:21:57 (13928 turns).

Fang the Fighter (Gargoyle Berserker)              Turns: 13928, Time: 00:21:58

Health: 0/129      AC: 34    Str: 30    XL:     13   Next: 20%
Magic:  13/13      EV: 15    Int:  9    God:    Trog [*****.]
Gold:   724        SH:  0    Dex: 12    Spells: 12/12 levels left

rFire    . . .     SeeInvis +   s - +2 executioner's axe (chop)
rCold    . . .     Gourm    .   (shield currently unavailable)
rNeg     + . .     Faith    .   l - +1 plate armour
rPois    ∞         Spirit   .   D - +1 helmet {SInv}
rElec    +         Reflect  .   C - +1 cloak {MR+}
rCorr    .         Harm     .   (no gloves)
MR       +....                  q - +2 pair of boots
Stlth    ..........             a - amulet of the acrobat
HPRegen  0.31/turn              I - +3 ring of dexterity
MPRegen  0.13/turn              F - +2 ring of evasion

@: berserking, starving, very quick
A: negative energy resistance 1, electricity resistance, unbreathing,
petrification resistance, rot immunity, AC +9
a: Berserk, Trog's Hand, Brothers in Arms, Renounce Religion


You were on level 4 of the Lair of Beasts.
You worshipped Trog.
Trog was extremely pleased with you.
You were starving.

You visited 5 branches of the dungeon, and saw 17 of its levels.
You also visited: Ossuary and Bailey.

You collected 1120 gold pieces.
You spent 396 gold pieces at shops.

Inventory:

Hand Weapons
 s - a +2 executioner's axe of chopping (weapon)
 v - a +2 war axe
 B - a +3 battleaxe of freezing
Armour
 l - a +1 plate armour (worn)
 q - a +2 pair of boots (worn)
 C - a +1 cloak of magic resistance (worn)
 D - a +1 helmet of see invisible (worn)
Jewellery
 a - an amulet of the acrobat (around neck)
 y - an uncursed ring of ice
 F - a +2 ring of evasion (right hand)
 G - an uncursed ring of stealth
 H - an uncursed ring of protection from cold
 I - a +3 ring of dexterity (left hand)
Wands
 n - a wand of random effects (49)
 r - a wand of digging (12)
 t - a wand of iceblast (21)
 A - a wand of acid (7)
 E - a wand of flame (49)
 K - a wand of polymorph (9)
Scrolls
 b - 3 scrolls of fear
 g - 7 scrolls of teleportation
 p - 11 scrolls of remove curse
 u - a scroll of blinking
 z - 7 scrolls of identify
 J - 3 scrolls of magic mapping
Potions
 d - 6 potions of agility
 e - 3 potions of might
 f - 7 potions of curing
 h - a potion of resistance
 i - 2 potions of mutation
 j - a potion of heal wounds
 k - 4 potions of haste
 m - a potion of ambrosia
 o - 6 potions of flight
 w - 3 potions of cancellation
 x - a potion of brilliance
Comestibles
 c - 40 rations


   Skills:
 + Level 12.3 Fighting
 + Level 10.5 Axes
 + Level 12.1 Armour
 + Level 9.5 Dodging


You had 12 spell levels left.
You didn't know any spells.
Your spell library was empty.

Dungeon Overview and Level Annotations

Branches:
Dungeon (10/15)            Temple (1/1) D:5            Lair (4/6) D:10
 Shoals (1/4) Lair:3        Snake (0/4) Lair:2          Orc (1/2) D:9

Altars:
Ashenzari
Dithmenos
Elyvilon
Fedhas
Kikubaaqudgha
Makhleb
Nemelex Xobeh
Qazlal
Trog
Zin
The Shining One

Shops:
D:6 [%   D:8 ?   D:9 [

Annotations:
D:8 exclusion: ice statue
Lair:4 Nessos, Rupert


Innate Abilities, Weirdness & Mutations

You are resistant to torment.
Your stone body is resilient. (AC +9)
You are immune to poison.
You resist negative energy. (rN+)
You are resistant to electric shocks. (rElec)
You can survive without breathing.
You are immune to petrification.
You are immune to rotting.


Message History

Rupert is lightly wounded.
You barely miss the crocodile. Rupert hits you but does no damage.
The crocodile bites you but does no damage.
You barely miss Rupert.
Rupert is lightly wounded.
You slash the crocodile!
You kill the crocodile!
Trog accepts your kill.
Rupert hits you with a +1 great mace of draining!
* * * LOW HITPOINT WARNING * * *
You closely miss Rupert.
Rupert hits you with a +1 great mace of draining!
* * * LOW HITPOINT WARNING * * *
You slash Rupert!
Rupert is lightly wounded.
Rupert misses you.
You slice Rupert!!
Rupert is moderately wounded.
Rupert hits you with a +1 great mace of draining!!
You die...

#...#...## #........#
##.......## #..[.....#
##......P.# #P.......##
####.........### ##
.............P.## .## .
......@@........##..##.>
......†..............#..
....................#...
.%.......##+#...........
.........#...#......#...
.........+.8..#........#
.........#.....##......#
..........#......#.....#
..####........##.


You could see Rupert (berserk).

Vanquished Creatures
  Harold (D:8)
  A two-headed ogre (D:8)
  4 death yaks (Lair:4)
  Pikel (D:7)
  6 spiny frogs
  Psyche (D:10)
  3 komodo dragons
  A merfolk (D:9)
  7 polar bears (Lair:2)
  2 trolls
  A hornet (D:8)
  Grinder (D:3)
  7 blink frogs
  4 hippogriffs
  Sigmund (D:2)
  3 wyverns
  2 wraiths (Ossuary)
  Grum (Lair:1)
  9 yaks
  Eustachio (D:4)
  A hungry ghost (D:9)
  A basilisk (Lair:2)
  Menkaure (D:4)
  7 water moccasins
  7 porcupines
  10 black bears
  6 orc warriors
  3 ice beasts
  4 slaves (D:7)
  4 sky beasts
  9 ogres
  6 wolves
  7 centaurs
  7 crocodiles
  2 big kobolds
  A water moccasin zombie (D:8)
  13 bullfrogs
  7 scorpions
  Dowan (D:4)
  3 killer bees (D:7)
  18 wights
  3 howler monkeys
  3 crimson imps
  8 hounds
  5 jellies
  4 gnoll shamans
  6 orc wizards
  5 orc priests
  4 bullfrog skeletons
  A centaur skeleton (D:4)
  An iron imp (D:8)
  Jessica (D:2)
  An iguana (D:5)
  Ijyb (D:4)
  Terence (D:2)
  5 worker ants
  A killer bee zombie (D:7)
  2 hound zombies
  A howler monkey zombie (D:6)
  Robin (D:4)
  51 gnolls
  A howler monkey skeleton (D:5)
  10 adders
  2 shadow imps
  5 adder zombies
  An adder skeleton (D:5)
  2 worms
  2 dart slugs (D:1)
  8 leopard geckos
  39 orcs
  7 bats
  4 giant cockroaches
  20 goblins
  13 hobgoblins
  26 jackals
  3 quokkas
  2 ball pythons (D:3)
  5 ball python skeletons
  5 frilled lizards
  A goblin skeleton (D:8)
  A goblin zombie (D:8)
  A hobgoblin skeleton (Ossuary)
  2 hobgoblin zombies (D:8)
  8 kobolds
  3 kobold skeletons (D:8)
  2 kobold zombies (Ossuary)
  3 orc skeletons
  An orc zombie (D:8)
  10 rats
  11 fungi
  6 plants
484 creatures vanquished.

Vanquished Creatures (collateral kills)
  2 hydras
2 creatures vanquished.

Vanquished Creatures (others)
  A goblin (D:4)
  4 fungi (D:10)
  3 plants
8 creatures vanquished.

Grand Total: 494 creatures vanquished

Notes
Turn   | Place    | Note
-------+----------+-------------------------------------------
     0 | D:1      | Fang the Gargoyle Berserker began the quest for the Orb.
     0 | D:1      | Reached XP level 1. HP: 14/14 MP: 1/1
   164 | D:1      | Reached XP level 2. HP: 18/19 MP: 2/2
   689 | D:1      | Reached XP level 3. HP: 22/23 MP: 3/3
   700 | D:1      | Reached ** piety under Trog
  1041 | D:2      | Noticed Jessica
  1047 | D:2      | Killed Jessica
  1047 | D:2      | Reached XP level 4. HP: 26/29 MP: 4/4
  1052 | D:2      | Noticed Terence
  1063 | D:2      | Killed Terence
  1253 | D:2      | Reached XP level 5. HP: 33/33 MP: 5/5
  1318 | D:2      | Noticed Sigmund
  1347 | D:2      | Killed Sigmund
  1347 | D:2      | Reached XP level 6. HP: 39/39 MP: 6/6
  1833 | D:3      | Reached *** piety under Trog
  1908 | D:3      | Reached skill level 5 in Fighting
  1934 | D:3      | Reached XP level 7. HP: 44/44 MP: 7/7
  2398 | D:3      | Reached **** piety under Trog
  2422 | D:3      | Reached skill level 5 in Armour
  2425 | D:3      | HP: 2/67 [gnoll shaman/+0 club (4)]
  2428 | D:3      | Reached XP level 8. HP: 4/51 MP: 8/8
  2834 | D:3      | Noticed Grinder
  2834 | D:3      | Paralysed by Grinder for 3 turns
  2865 | D:3      | Killed Grinder
  2865 | D:3      | Reached skill level 5 in Axes
  3162 | D:3      | Found a blossoming altar of Fedhas.
  3186 | D:3      | Found an ancient bone altar of Kikubaaqudgha.
  3392 | D:4      | Found a sparkling altar of Nemelex Xobeh.
  3406 | D:4      | Noticed Ijyb
  3434 | D:4      | Killed Ijyb
  3567 | D:4      | Noticed Menkaure
  3572 | D:4      | Killed Menkaure
  3688 | D:4      | Noticed Robin
  3691 | D:4      | Noticed Eustachio
  3723 | D:4      | Killed Robin
  3744 | D:4      | Killed Eustachio
  3744 | D:4      | Reached XP level 9. HP: 29/56 MP: 9/9
  3874 | D:4      | Found a bloodstained altar of Trog.
  3985 | D:4      | Noticed Dowan
  3999 | D:4      | Killed Dowan
  3999 | D:4      | Reached skill level 5 in Dodging
  4353 | D:5      | Entered Level 5 of the Dungeon
  4413 | D:5      | Found a staircase to the Ecumenical Temple.
  4441 | Temple   | Entered the Ecumenical Temple
  4521 | D:5      | Upgraded the game from 0.23.1-37-gaa34b87 to
                  | 0.23.1-38-g628c18f
  4863 | D:5      | Reached ***** piety under Trog
  5296 | D:6      | Received a gift from Trog
  5309 | D:6      | Reached XP level 10. HP: 29/64 MP: 10/10
  5497 | D:6      | Found Ownyuc's Armour Emporium.
  5562 | D:6      | Found Yfrecewy's Food Boutique.
  5972 | D:7      | Noticed Pikel
  5995 | D:7      | Killed Pikel
  6047 | D:7      | Found a stormy altar of Qazlal.
  6047 | D:7      | Found a sparkling altar of Nemelex Xobeh.
  7569 | D:8      | Found a flagged portal.
  7570 | D:8      | Noticed an ice statue
  7592 | Bailey   | Entered a bailey
  7607 | Bailey   | Noticed an orc knight
  7683 | D:8      | Found Rott's Magic Scroll Shop.
  7709 | D:8      | Noticed a two-headed ogre
  7730 | D:8      | Killed a two-headed ogre
  7739 | D:8      | Received a gift from Trog
  7739 | D:8      | Reached XP level 11. HP: 40/71 MP: 11/11
  7897 | D:8      | Found a sand-covered staircase.
  7912 | Ossuary  | Entered an ossuary
  8214 | D:8      | Noticed Harold
  8232 | D:8      | Killed Harold
  8280 | D:8      | Found a glowing golden altar of the Shining One.
  8432 | D:9      | Found a staircase to the Orcish Mines.
  8433 | D:9      | Found Exynozosch's Armour Boutique.
  8466 | D:9      | Reached skill level 10 in Fighting
  8733 | D:9      | Bought a +1 cloak of magic resistance for 198 gold pieces
  8733 | D:9      | Bought a +1 helmet of see invisible for 198 gold pieces
  8880 | D:9      | Received a gift from Trog
  9177 | D:9      | Paralysed by fainting for 10 turns
  9189 | D:9      | Paralysed by fainting for 10 turns
  9239 | D:9      | Found a shadowy altar of Dithmenos.
  9258 | D:9      | Identified a scroll of acquirement
  9384 | D:9      | Reached skill level 10 in Armour
  9541 | Orc:1    | Entered Level 1 of the Orcish Mines
  9565 | D:10     | Entered Level 10 of the Dungeon
  9594 | D:10     | Found a staircase to the Lair.
  9860 | D:10     | Noticed Psyche
  9868 | D:10     | Killed Psyche
 10319 | Lair:1   | Entered Level 1 of the Lair of Beasts
 10637 | Lair:1   | Noticed Grum
 10640 | Lair:1   | Reached XP level 12. HP: 76/79 MP: 12/12
 10659 | Lair:1   | Killed Grum
 11134 | Lair:1   | Noticed a five-headed hydra
 11140 | Lair:1   | Killed a five-headed hydra
 11288 | Lair:2   | Found a staircase to the Snake Pit.
 12530 | Lair:3   | Reached skill level 10 in Axes
 12610 | Lair:3   | Found a staircase to the Shoals.
 13162 | Shoals:1 | Entered Level 1 of the Shoals
 13195 | Lair:4   | Noticed a death yak
 13195 | Lair:4   | Noticed a death yak
 13195 | Lair:4   | Noticed a death yak
 13196 | Lair:4   | Noticed a death yak
 13200 | Lair:4   | Killed a death yak
 13202 | Lair:4   | Killed a death yak
 13205 | Lair:4   | Reached XP level 13. HP: 64/86 MP: 13/13
 13672 | Lair:4   | Noticed Nessos
 13915 | Lair:4   | Noticed Rupert
 13928 | Lair:4   | Slain by Rupert

Skill      XL: |  1  2  3  4  5  6  7  8  9 10 11 12 13 |
---------------+----------------------------------------+-----
Axes           | 3 4 5 6 8 9 10 | 10.5
Dodging        | 2 3 4 5 7 8 9 |  9.5
Armour         | 3 4 5 6 7 9 10 11 12 | 12.1
Fighting       | 4 5 6 8 9 10 12 | 12.3

Action                   |  1- 3 |  4- 6 |  7- 9 | 10-12 | 13-15 || total
-------------------------+-------+-------+-------+-------+-------++-------
Melee: Hand axe          |    96 |   154 |    19 |       |       ||   269
       War axe           |       |       |   586 |   439 |       ||  1025
       Executioner's axe |       |       |       |   364 |    65 ||   429
       Battleaxe         |       |       |       |    68 |       ||    68
Invok: Berserk           |       |     2 |     5 |     5 |     1 ||    13
       Trog's Hand       |       |       |     2 |       |     1 ||     3
       Brothers in Arms  |       |       |       |     1 |     1 ||     2
Evoke: Wand              |       |       |       |     1 |     2 ||     3
  Use: Potion            |       |       |     2 |     1 |     2 ||     5
       Scroll            |       |       |    12 |    13 |     1 ||    26
  Eat: Chunk             |     1 |     4 |    17 |    32 |     3 ||    57
       Ration            |       |       |       |     3 |       ||     3
Armor: Animal skin       |    27 |       |       |       |       ||    27
       Plate armour      |    28 |   196 |   656 |   886 |    93 ||  1859
Dodge: Dodged            |    46 |   105 |   408 |   760 |   137 ||  1456
